 Dungeon Crawl Stone Soup version 0.29.1-15-g9cfb28693d (webtiles) character file.

Game seed: 1795042398159500222

225 hawla the Firebug (level 6, 0/40 (45) HPs)
             Began as a Meteoran Fire Elementalist on Mar 27, 2023.
             Slain by a wight
             ... wielding a +4 long sword of freezing
              (4 damage)
             ... on level 4 of the Dungeon on Mar 28, 2023.
             The game lasted 00:04:25 (524 turns).

hawla the Firebug (Meteoran Fire Elementalist)       Turns: 524, Time: 00:04:26

HP:   0/40 (45)     AC:  6    Str:  9    XL:     6   Next: 45%
MP:   0/23          EV: 13    Int: 20    God:
Gold: 81            SH:  0    Dex: 14    Spells: 11/14 levels left

rFire   . . .      SeeInvis .   (no weapon)
rCold   . . .      Faith    .   (no shield)
rNeg    . . .      Spirit   .   a - +0 robe
rPois   .          Reflect  .   (no helmet)
rElec   .          Harm     .   (no cloak)
rCorr   .          Rampage  .   (no gloves)
Will    .....                   (no boots)
Stlth   +.........              (no amulet)
HPRegen 0.13/turn               d - ring of magical power
MPRegen 0.18/turn               i - +4 ring of protection

@: glowing, heavily drained
A: sense surroundings 1, otherworldly, glowing, explore regen
a: no special abilities


You were on level 4 of the Dungeon.
You visited 1 branch of the dungeon, and saw 4 of its levels.

You collected 81 gold pieces.

Inventory:

Armour
 a - a +0 robe (worn)
Jewellery
 d - a ring of magical power (left hand)
 i - a +4 ring of protection (right hand)
Wands
 g - a wand of light (12)
Scrolls
 b - a scroll of teleportation
 c - a scroll of identify
 f - a scroll of magic mapping {unknown}
Potions
 e - a potion of mutation {unknown}
 j - a potion of haste


   Skills:
 + Level 0.2 Fighting
 + Level 3.2 Dodging
 - Level 1.4 Stealth
 + Level 4.8 Spellcasting
 + Level 2.2 Conjurations
 + Level 5.8 Fire Magic


You had 11 spell levels left.
You knew the following spells:

 Your Spells              Type           Power      Damage    Failure   Level
a - Foxfire               Conj/Fire      84%        2x1d8     2%          1
b - Scorch                Fire           56%        2d7       1%          2

Your spell library contained the following spells:

 Spells                   Type           Power      Damage    Failure   Level
 Conjure Flame            Conj/Fire      21%        6-21      7%          3
 Inner Flame              Hex/Fire       16%        N/A       11%         3
 Flame Wave               Conj/Fire      21%        2d8       22%         4


Dungeon Overview and Level Annotations

Branches:
Dungeon (4/15) Zot: 1876
 Temple: D:4-7

Altars:
Kikubaaqudgha
Xom

Annotations:
D:2 Sigmund


Innate Abilities, Weirdness & Mutations

You passively map a small area around you.
You are easily found by Zot.
You glow in the dark.
You regain HP and MP as you explore.


Message History

You conjure some foxfire!
Casting: Foxfire (safe; 2% risk of failure)
Confirm with . or Enter, or press ? or * to list all spells.
You conjure some foxfire!
The foxfire hits the wight but does no damage.
The wight is heavily damaged.
The foxfire hits the wight but does no damage.
The wight is heavily damaged.
The foxfire hits the wight.
The wight is heavily damaged.
The foxfire hits the wight but does no damage.
The wight is heavily damaged.
Casting: Foxfire (safe; 2% risk of failure)
Confirm with . or Enter, or press ? or * to list all spells.
You conjure some foxfire!
The wight misses you.
Casting: Foxfire (safe; 2% risk of failure)
Confirm with . or Enter, or press ? or * to list all spells.
Flames lash the wight.
The wight is severely damaged.
The wight's fire resistance burns away.
The foxfire hits the wight.
The wight is severely damaged.
The foxfire hits the wight.
The wight is almost destroyed.
The wight hits you with a +0 falchion.
Casting: Scorch (safe; 1% risk of failure)
Confirm with . or Enter, or press ? or * to list all spells.
You conjure some foxfire!
The wight hits you with a +4 long sword of freezing!
You feel drained. The wight freezes you. The wight hits you with a +0 falchion!
You feel drained.
The foxfire hits the wight.
You destroy the wight!
The foxfire hits the wight.
The wight is burned terribly!
The wight is almost destroyed.
The wight hits you with a +4 long sword of freezing!
* * * LOW HITPOINT WARNING * * *
You feel drained.
* * * LOW HITPOINT WARNING * * *
The wight freezes you.
You die...

#§.§≈≈≈.≈≈≈..≈#
#≈..≈..≈§§§..≈#
#≈§.≈..≈..§..≈#
~
#≈.....≈....§§#
#≈.....§...§.≈#
,#≈...........§#
*,
#§§≈§§≈.≈≈≈≈§§#
,#######'#######
, * #r@§...... ,
*#).z.§###### ,
.w...##### * *
#####* < * ,


You could see a worm (summoned), a wight (combustible) and a quokka (summoned).

Vanquished Creatures
  A phantom (D:4)
  2 wights (D:4)
  A hound (D:4)
  4 adders
  A worm (D:4)
  A ball python (D:2)
  2 endoplasms (D:1)
  2 giant cockroaches (D:4)
  5 goblins
  A hobgoblin (D:1)
  3 jackals (D:3)
  3 quokkas
  A kobold (D:3)
  2 rats
29 creatures vanquished.

Vanquished Creatures (others)
  90 foxfires
90 creatures vanquished.

Grand Total: 119 creatures vanquished

Notes
Turn   | Place    | Note
-------+----------+-------------------------------------------
     0 | D:1      | hawla the Meteoran Fire Elementalist began the quest for
                  | the Orb.
     0 | D:1      | Reached XP level 1. HP: 14/14 MP: 5/5
    70 | D:1      | Reached XP level 2. HP: 20/20 MP: 3/6
   102 | D:2      | Reached skill level 4 in Fire Magic
   203 | D:2      | Noticed Sigmund
   209 | D:2      | HP: 1/20 [Sigmund/+0 scythe (8)]
   235 | D:3      | Reached XP level 3. HP: 23/26 MP: 4/8
   343 | D:3      | Learned a level 2 spell: Scorch
   416 | D:4      | Found a shimmering altar of Xom.
   425 | D:4      | Found an ancient bone altar of Kikubaaqudgha.
   439 | D:4      | Reached XP level 4. HP: 30/33 MP: 10/10
   449 | D:4      | Reached skill level 5 in Fire Magic
   463 | D:4      | Noticed a phantom
   469 | D:4      | Reached XP level 5. HP: 37/38 MP: 11/11
   481 | D:4      | Killed a phantom
   482 | D:4      | Reached XP level 6. HP: 38/45 MP: 4/13
   524 | D:4      | Slain by a wight

Illustrated notes

Levels and vault maps discovered:
D:1:      elethiomel_arrival_fortress_basement, layout_rooms,
          chequers_ecumenical_altar_simple, minmay_misc_feat_plants
D:2:      layout_basic, uniq_terence, uniq_jessica, uniq_sigmund
D:3:      wad_pebble_path, layout_basic
D:4:      gammafunk_wand_slinger, layout_loops_cross, grunt_gozag_statues,
          mainiacjoe_overflow_large_starburst, kennysheep_generic_room_16,
          uniq_robin

Skill      XL: |  1  2  3  4  5 |
---------------+----------------+-----
Fire Magic     | 4 5 |  5.8
Spellcasting   | 3 4 |  4.8
Dodging        | 3 |  3.2
Conjurations   | 2 |  2.2
Fighting       | |  0.2
Stealth        | |  1.4

Action                   |  1- 3 |  4- 6 || total
-------------------------+-------+-------++-------
Melee: Unarmed           |     5 |     2 ||     7
 Cast: Foxfire           |    29 |    22 ||    51
       Scorch            |     4 |     6 ||    10
  Use: Potion            |     2 |       ||     2
       Scroll            |     6 |       ||     6
Armor: Robe              |       |    11 ||    11
Dodge: Dodged            |     8 |     4 ||    12
